 Dungeon Crawl Stone Soup version 0.26.1-2-gb8aa6d0cf2 (webtiles) character file.

Game seed: 12231693128811807962

102 FishyPogo the Grave Robber (level 4, 0/33 HPs)
             Began as a Hill Orc Necromancer on Feb 23, 2021.
             Slain by Crazy Yiuf
             ... wielding a +2 quarterstaff of chaos
              (18 damage)
             ... on level 2 of the Dungeon.
             The game lasted 00:08:17 (2691 turns).

FishyPogo the Grave Robber (Hill Orc Necromancer)   Turns: 2691, Time: 00:08:18

Health: 0/33       AC:  3    Str: 10    XL:     4   Next: 78%
Magic:  5/8        EV: 12    Int: 16    God:
Gold:   79         SH:  0    Dex: 11    Spells: 3/8 levels left

rFire    . . .     SeeInvis .   e - +0 club
rCold    . . .     Faith    .   (no shield)
rNeg     . . .     Spirit   .   a - +0 robe
rPois    .         Reflect  .   (no helmet)
rElec    .         Harm     .   (no cloak)
rCorr    .         Rampage  .   k - +0 pair of gloves
Will     .....                  (no boots)
Stlth    ++........             (no amulet)
HPRegen  0.11/turn              (no ring)
MPRegen  0.11/turn              (no ring)

@: no status effects
A: no striking features
a: no special abilities


You were on level 2 of the Dungeon.
You visited 1 branch of the dungeon, and saw 2 of its levels.

You collected 79 gold pieces.

Inventory:

Hand Weapons
 e - a +0 club (weapon)
Missiles
 b - 2 boomerangs
 c - 43 stones
Armour
 a - a +0 robe (worn)
 k - a +0 pair of gloves (worn)
Scrolls
 d - 3 scrolls of identify {unknown}
 j - a scroll of teleportation {unknown}
 m - a scroll of fog {unknown}
 n - a scroll of immolation {unknown}
Potions
 f - a potion of haste {unknown}
 g - a potion of lignification {unknown}
 h - 2 potions of curing {unknown}
 i - a potion of degeneration {unknown}
 l - a potion of heal wounds {unknown}


   Skills:
 - Level 2.0 Dodging
 - Level 2.0 Stealth
 * Level 2.6 Spellcasting
 + Level 4.8 Necromancy


You had 3 spell levels left.
You knew the following spells:

 Your Spells              Type           Power        Failure   Level
a - Pain                  Necr           68%          2%          1
c - Vampiric Draining     Necr           8%           9%          3
d - Animate Skeleton      Necr           34%          2%          1

Your spell library contained the following spells:

 Spells                   Type           Power        Failure   Level
 Animate Dead             Necr           8%           26%         4
 Agony                    Necr           17%          58%         5


Dungeon Overview and Level Annotations

Branches:
Dungeon (2/15)

Altars:

Annotations:
D:2 Crazy Yiuf, Terence


Message History

Aim: Crazy Yiuf, wielding a +2 quarterstaff of chaos and wearing a +1 cloak of preservation (chance to affect: 82%) Crazy Yiuf writhes in agony!
Casting: Pain (safe; 2% risk of failure)
Confirm with . or Enter, or press ? or * to list all spells.
Aiming: Pain (safe; 2% risk of failure)
Press: ? - help, Shift-Dir - straight line, f/p - Crazy Yiuf
Aim: Crazy Yiuf, wielding a +2 quarterstaff of chaos and wearing a +1 cloak of preservation (heavily wounded, chance to affect: 82%) Crazy Yiuf writhes in agony.
Crazy Yiuf says, "I'm not crazy!"
Crazy Yiuf closely misses you.
Casting: Pain (safe; 2% risk of failure)
Confirm with . or Enter, or press ? or * to list all spells.
Aiming: Pain (safe; 2% risk of failure)
Press: ? - help, Shift-Dir - straight line, f/p - Crazy Yiuf
Aim: Crazy Yiuf, wielding a +2 quarterstaff of chaos and wearing a +1 cloak of preservation (heavily wounded, chance to affect: 82%) Crazy Yiuf writhes in agony.
Crazy Yiuf hits you with a +2 quarterstaff of chaos!
You are electrocuted!!
Ouch! That really hurt!
You die...

...#.#
#...............
#..#.#
##...............
...#.#
##.......).###'###
##.#.#
#..).####..# #'#
...#.# ##..## #..#
... ...#.# ♣....♣
#..##.... #.##.#
### ♣...♣♣
#..##.....
.....#######<#
♣♣.♣♣ #####.....
...........'.#
♣@♣♣ #.....
..##########.#
♣♣g♣ #.....
.............#
♣.♣♣
#.########...#
♣♣.♣
.........+...# #'#
#.########...# ...
#.# #...# #...#
..########...#
#..)#
........##...#
#####


You could see Crazy Yiuf.

Vanquished Creatures
  A hound (D:2)
  Jessica (D:2)
  An ooze (D:1)
  A dart slug (D:2)
  2 ball pythons
  4 bats
  A giant cockroach (D:1)
  3 goblins
  8 hobgoblins
  4 jackals (D:2)
  A frilled lizard (D:1)
  4 kobolds
  4 rats
35 creatures vanquished.

Vanquished Creatures (collateral kills)
  2 goblins
  A frilled lizard (D:1)
3 creatures vanquished.

Grand Total: 38 creatures vanquished

Notes
Turn   | Place    | Note
-------+----------+-------------------------------------------
     0 | D:1      | FishyPogo the Hill Orc Necromancer began the quest for the
                  | Orb.
     0 | D:1      | Reached XP level 1. HP: 14/14 MP: 3/3
    50 | D:1      | Learned a level 1 spell: Animate Skeleton
   483 | D:1      | Reached XP level 2. HP: 20/20 MP: 2/4
  1102 | D:1      | Reached XP level 3. HP: 18/26 MP: 5/5
  1106 | D:1      | Learned a level 3 spell: Vampiric Draining
  1359 | D:2      | Noticed Jessica
  1734 | D:2      | Noticed Terence
  1915 | D:2      | Killed Jessica
  1916 | D:2      | Reached XP level 4. HP: 15/33 MP: 2/7
  2681 | D:2      | Found a runed translucent door.
  2682 | D:2      | Noticed Crazy Yiuf
  2691 | D:2      | Slain by Crazy Yiuf

Illustrated notes

Levels and vault maps discovered:
D:1:      minmay_arrival_stone_box, layout_loops_cross,
          minmay_misc_feat_more_columns, chequers_serial_rivers_micro_b
D:2:      layout_basic, uniq_terence, uniq_jessica, uniq_crazy_yiuf_cottage

Skill      XL: |  1  2  3  4 |
---------------+-------------+-----
Spellcasting   | 2 |  2.6
Dodging        | 2 |  2.0
Stealth        | 2 |  2.0
Necromancy     | |  4.8

Action                   |  1- 3 |  4- 6 || total
-------------------------+-------+-------++-------
Melee: Club              |    57 |     9 ||    66
 Cast: Pain              |    41 |    15 ||    56
       Animate Skeleton  |    12 |     3 ||    15
 Stab: Sleeping          |     2 |     1 ||     3
Armor: Robe              |    15 |     6 ||    21
Dodge: Dodged            |    40 |     7 ||    47
